 Dungeon Crawl Stone Soup version 0.26-a0-474-gfaca0e1de5 (webtiles) character file.

Game seed: 4391283849115098464

0 Gargoyl the Skirmisher (level 1, 0/23 HPs)
             Began as a Gnoll Abyssal Knight on July 31, 2020.
             Was a Follower of Lugonu.
             Killed from afar by a wizard (23 damage)
             ... with a fireball
             ... on level 2 of the Abyss.
             The game lasted 00:00:56 (215 turns).

Gargoyl the Skirmisher (Gnoll Abyssal Knight)        Turns: 215, Time: 00:00:57

Health: 0/23       AC:  3    Str: 14    XL:     1   Next: 0%
Magic:  3/3        EV: 12    Int: 14    God:    Lugonu [*.....]
Gold:   0          SH:  0    Dex: 14    Spells: 0/0 levels left

rFire    . . .     SeeInvis .   a - +1 hand axe
rCold    . . .     Faith    .   (no shield)
rNeg     . . .     Spirit   .   b - +0 leather armour
rPois    .         Reflect  .   (no helmet)
rElec    .         Harm     .   (no cloak)
rCorr    .                      (no gloves)
MR       .....                  (no boots)
Stlth    +.........             (no amulet)
HPRegen  0.07/turn              (no ring)
MPRegen  0.08/turn              (no ring)

@: no status effects
A: distributed training, fangs 1, strong nose
a: Depart the Abyss, Renounce Religion


You were on level 2 of the Abyss.
You worshipped Lugonu.
Lugonu was aware of your devotion.
You visited 0 branches of the dungeon, and saw 0 of its levels.
You visited the Abyss 1 time.

Inventory:

Hand Weapons
 a - a +1 hand axe (weapon)
Armour
 b - a +0 leather armour (worn)


   Skills:
 + Level 6.4 Fighting
 + Level 0.0 Short Blades
 + Level 0.0 Long Blades
 + Level 4.4 Axes
 + Level 0.0 Maces & Flails
 + Level 0.0 Polearms
 + Level 0.0 Staves
 + Level 0.0 Slings
 + Level 0.0 Bows
 + Level 0.0 Crossbows
 + Level 0.0 Throwing
 + Level 4.4 Armour
 + Level 2.3 Dodging
 + Level 0.0 Stealth
 + Level 0.0 Shields
 + Level 0.0 Unarmed Combat
 + Level 0.0 Spellcasting
 + Level 0.0 Conjurations
 + Level 0.0 Hexes
 + Level 0.0 Summonings
 + Level 0.0 Necromancy
 + Level 0.0 Translocations
 + Level 0.0 Transmutations
 + Level 0.0 Fire Magic
 + Level 0.0 Ice Magic
 + Level 0.0 Air Magic
 + Level 0.0 Earth Magic
 + Level 0.0 Poison Magic
 + Level 4.4 Invocations
 + Level 0.0 Evocations


You couldn't memorise any spells.
You didn't know any spells.
Your spell library was empty.

Dungeon Overview and Level Annotations

Branches:
Dungeon (0/15)

Altars:


Innate Abilities, Weirdness & Mutations

Your experience applies equally to all skills.
You have very sharp teeth.
Your uncanny sense of smell can sniff out nearby items.


Message History

HP restored.
There is a gateway leading deeper into the Abyss here.
You plunge deeper into the Abyss.
Found a rapier.
Unknown command.
A tentacled starspawn appears in a shower of sparks.
A tentacled starspawn is nearby!
Unknown command.
A tentacled starspawn is nearby!
A tentacle flies out from the starspawn's body!
Found a scroll labeled ASMUZX XUXT.
A starspawn tentacle comes into view.
A starspawn tentacle comes into view.
A wizard comes into view.
It is wielding a +0 dagger and wearing a +1 robe of cold resistance.
The wizard shouts!
The wizard shouts, "You are history!"
The wizard casts a spell at you.
The fireball explodes!
The fireball engulfs you!!
Ouch! That really hurt!
You die...

### ##.. . ..##
##. # ###...#
#..##.##.@# .#
#...##....#.#
.....##...# #...
##.#..# ##.
....#.....
#.####..#.....#
#.##.#...#..p#..##
#......##.#.###.#
.#.####....#..# ..


You could see a wizard.

Vanquished Creatures (others)
  10 starspawn tentacles
10 creatures vanquished.

Notes
Turn   | Place    | Note
-------+----------+-------------------------------------------
     0 | Abyss:1  | Gargoyl the Gnoll Abyssal Knight began the quest for the
                  | Orb.
     0 | Abyss:1  | Reached XP level 1. HP: 23/23 MP: 3/3
    19 | Abyss:1  | Noticed a tentacled starspawn
   188 | Abyss:2  | Noticed a tentacled starspawn
   215 | Abyss:2  | Noticed a wizard
   215 | Abyss:2  | Killed from afar by a wizard

Illustrated notes

Levels and vault maps discovered:
Abyss:2:  grunt_abyss_exit_deep_breaths,
          hangedman_abyss_or_decor_jellyfish_corner

Action                   || total
-------------------------++-------
  Use: Scroll            ||     1
Dodge: Dodged            ||     1

Table legend: (Time is in decaauts)
 A = Elapsed time spent in this place.
 B = Non-inter-level travel time spent in this place.
 C = Inter-level travel time spent in this place.
 D = Time resting spent in this place.
 E = Time spent auto-exploring this place.
 F = Levels seen in this place.
 G = Mean time per level.
                   A        B        C        D        E       F      G
               +--------+--------+--------+--------+--------+-----+--------+
         Total |    214 |    214 |      0 |     80 |     46 |   2 |  107.0 |
         Abyss |    214 |    214 |      0 |     80 |     46 |   2 |  107.0 |
               +--------+--------+--------+--------+--------+-----+--------+

Top non-repeatable levels by time:
 Abyss:1: 160 daAuts
 Abyss:2: 54 daAuts
